 Dungeon Crawl Stone Soup version 0.22-a0-430-g6609fc6 (webtiles) character file.

15733 MisterFreud the Spear-Bearer (level 12, -3/97 HPs)
             Began as a Merfolk Gladiator on May 26, 2018.
             Was a High Priest of Cheibriados.
             Slain by a six-headed hydra (15 damage)
             ... on level 3 of the Lair of Beasts.
             The game lasted 00:36:31 (13672 turns).

MisterFreud the Spear-Bearer (Merfolk Gladiator)   Turns: 13672, Time: 00:36:32

Health: -3/97      AC:  8    Str: 27    XL:     12   Next: 30%
Magic:  18/18      EV: 27    Int: 23    God:    Cheibriados [*****.]
Gold:   616        SH:  0    Dex: 32    Spells: 7/11 levels left

rFire    + . .     SeeInvis .   B - +1 trident (venom)
rCold    . . .     Gourm    .   (no shield)
rNeg     . . .     Faith    .   L - +2 leather armour of Resonance {rF+ MR+ Dex+4}
rPois    .         Spirit   .   c - +1 helmet
rElec    .         Reflect  .   (no cloak)
rCorr    .         Harm     .   (no gloves)
MR       ++...                  N - +0 pair of boots
Stlth    +++.......             (no amulet)
HPRegen  0.26/turn              a - ring of stealth
MPRegen  0.16/turn              D - ring of protection from magic

@: about to teleport, very slow
A: change form in water, swift swim, stealthy swim
a: Bend Time, Temporal Distortion, Slouch, Step From Time, Renounce Religion


You were on level 3 of the Lair of Beasts.
You worshipped Cheibriados.
Cheibriados was extremely pleased with you.
You were not hungry.

You visited 3 branches of the dungeon, and saw 12 of its levels.
You also visited: Labyrinth and Sewer.

You collected 616 gold pieces.

Inventory:

Hand Weapons
 v - a +3 trident
 B - a +1 trident of venom (weapon)
Missiles
 d - 5 throwing nets
 g - 151 arrows
 j - 12 tomahawks (quivered)
 k - 281 stones
 l - 3 needles of confusion
 m - 10 javelins
 p - 81 sling bullets
 t - 39 poisoned needles
 z - 32 bolts
Armour
 b - a +0 leather armour
 c - a +1 helmet (worn)
 H - the +5 large shield of the Cooper {Str+3}
   (You found it in a labyrinth)

   It affects your strength (+3).
 K - a +0 chain mail
 L - the +2 leather armour of Resonance (worn) {rF+ MR+ Dex+4}
   (You found it in a labyrinth)

   It affects your dexterity (+4).
   It protects you from fire.
   It affects your resistance to hostile enchantments.
 M - a +2 chain mail of poison resistance
 N - a +0 pair of boots (worn)
Jewellery
 a - a ring of stealth (left hand)
 q - an uncursed ring of stealth
 w - an uncursed ring of wizardry
 D - a ring of protection from magic (right hand)
Wands
 A - a wand of flame (92)
 C - a wand of iceblast (19)
 J - a wand of clouds (5)
Scrolls
 h - a scroll of amnesia
 n - 10 scrolls of teleportation
 r - 2 scrolls of fear
 s - 3 scrolls of identify
 u - 2 scrolls of magic mapping
 x - 2 scrolls of remove curse
 y - 3 scrolls of enchant armour
 F - a scroll of fog
 I - a scroll of enchant weapon {unknown}
Potions
 e - a potion of cancellation
 i - 5 potions of flight
 o - a potion of brilliance
 E - 3 potions of agility
 O - a potion of curing
 P - a potion of mutation
Miscellaneous
 G - a fan of gales (inert)
Comestibles
 f - 18 rations


   Skills:
 - Level 10.0 Fighting
 - Level 14.0 Polearms
 - Level 2.0 Throwing
 - Level 12.0 Dodging
 + Level 5.2 Shields
 - Level 5.1 Charms
 - Level 4.3 Translocations
 - Level 8.1 Invocations


You had 7 spell levels left.
You knew the following spells:

 Your Spells              Type           Power        Failure   Level  Hunger
a - Apportation           Tloc           ###...       3%          1    ##.....
b - Regeneration          Chrm/Necr      ##........   19%         3    ####...

Your spell library contained the following spells:

 Spells                   Type           Power        Failure   Level  Hunger
 Summon Small Mammal      Summ           #...         17%         1    ##.....
 Animate Dead             Necr           N/A          86%         4    #####..
 Pain                     Necr           #...         17%         1    ##.....
 Animate Skeleton         Necr           N/A          17%         1    ##.....
 Vampiric Draining        Necr           #.........   45%         3    ####...
 Confusing Touch          Hex            #.....       17%         1    ##.....


Dungeon Overview and Level Annotations

Branches:
Dungeon (8/15)             Temple (1/1) D:4            Lair (3/6) D:8
  Swamp (0/4) Lair:2       Spider (0/4) Lair:2

Altars:
Ashenzari
Cheibriados
Dithmenos
Elyvilon
Fedhas
Gozag
Hepliaklqana
Kikubaaqudgha
Makhleb
Nemelex Xobeh
Okawaru
Qazlal
Ru
Sif Muna
Trog
Uskayaw
Vehumet
Wu Jian
Xom
Yredelemnul
Zin
The Shining One

Shops:
D:5 [


Message History

* * * LOW HITPOINT WARNING * * *
The six-headed hydra bites you.
* * * LOW HITPOINT WARNING * * *
The six-headed hydra completely misses you.
The dream sheep bleats!
You puncture the six-headed hydra!
The six-headed hydra is heavily wounded.
The six-headed hydra bites you!
* * * LOW HITPOINT WARNING * * *
The six-headed hydra bites you.
* * * LOW HITPOINT WARNING * * *
The six-headed hydra bites you.
* * * LOW HITPOINT WARNING * * *
The six-headed hydra completely misses you.
The six-headed hydra bites you.
* * * LOW HITPOINT WARNING * * *
The six-headed hydra misses you.
You feel better. The six-headed hydra misses you.
The six-headed hydra bites you!
You die...

...... ....# ...... ....
#####P...#### ......
##...##.........#.# ......
.....#...........#### ......
.......<............#
.........
.###...............#
......... ##P..............#
....Y.... #P.............#
......... ##.#@.........##
..Y.Y.... #hD.........###
.......### #.###.........###
.......#P###..#..........#.#
.....Y..Y..Y..............##
..........................##
......###.#................#
.....# ####..^.........####
....# ###..........#


You could see a six-headed hydra, a wolf and a dream sheep.

Vanquished Creatures
  A minotaur (Lab)
  2 hydras (Lair:1)
  A two-headed ogre (D:8)
  2 wolf spiders (Lair:2)
  4 elephants (Lair:2)
  A black mamba (Lair:1)
  3 spiny frogs (Lair:1)
  Joseph (D:7)
  4 gargoyles (Lab)
  2 komodo dragons
  2 rime drakes
  A jumping spider (Lair:2)
  A hippogriff (Lair:1)
  3 blink frogs (Lair:1)
  A dream sheep (Lair:3)
  2 redbacks
  A shadow (Lab)
  4 basilisks
  4 water moccasins
  2 porcupines (Lair:1)
  4 orc warriors
  An ice beast (D:5)
  2 black bears
  A necrophage (D:7)
  5 ogres
  3 wolves
  A centaur (D:8)
  A crocodile (Lair:1)
  2 big kobolds
  A gnoll sergeant (D:5)
  6 bullfrogs
  2 scorpions
  6 killer bees (D:8)
  3 jellies
  6 howler monkeys (D:7)
  A troll skeleton (Lab)
  3 crimson imps
  A quasit (D:5)
  An orc priest (D:8)
  4 hounds
  3 bullfrog skeletons
  6 worker ants
  4 iguanas
  2 merfolk sirens (Sewer)
  10 orc wizards
  A merfolk avatar (Sewer)
  An ogre skeleton (Lab)
  A hound skeleton (D:6)
  4 gnolls (D:5)
  13 adders
  3 river rats (Sewer)
  A shadow imp (D:5)
  An ooze (D:3)
  2 adder zombies (D:5)
  2 adder skeletons
  2 worms
  2 dart slugs
  11 leopard geckos
  31 orcs
  8 bats
  9 giant cockroaches
  4 goblins
  11 hobgoblins
  10 jackals
  6 quokkas
  5 ball pythons (Sewer)
  14 frilled lizards
  A giant cockroach zombie (D:6)
  A jackal skeleton (D:4)
  A jackal zombie (D:8)
  19 kobolds
  A quokka skeleton (D:4)
  31 rats
317 creatures vanquished.

Notes
Turn   | Place    | Note
-------+----------+-------------------------------------------
     0 | D:1      | MisterFreud the Merfolk Gladiator began the quest for the Orb.
     0 | D:1      | Reached XP level 1. HP: 16/16 MP: 1/1
   161 | D:1      | Reached skill level 5 in Polearms
   182 | D:1      | Reached XP level 2. HP: 22/22 MP: 2/2
   865 | D:2      | Reached skill level 6 in Polearms
   865 | D:2      | Reached XP level 3. HP: 9/27 MP: 3/3
  2064 | D:3      | Reached XP level 4. HP: 33/33 MP: 4/4
  2068 | D:3      | Reached skill level 7 in Polearms
  2183 | D:3      | Found a sparkling altar of Nemelex Xobeh.
  2342 | D:3      | Found an iron altar of Okawaru.
  2732 | D:3      | Reached skill level 8 in Polearms
  2732 | D:3      | Reached XP level 5. HP: 26/38 MP: 5/5
  3223 | D:4      | Reached skill level 9 in Polearms
  3350 | D:4      | Reached XP level 6. HP: 33/44 MP: 6/6
  3417 | D:4      | HP: 3/66 [adder (3)]
  3542 | D:4      | Reached skill level 10 in Polearms
  3568 | D:4      | Found a staircase to the Ecumenical Temple.
  3577 | Temple   | Entered the Ecumenical Temple
  3623 | Temple   | Became a worshipper of Cheibriados the Contemplative
  3666 | D:4      | Found a glowing drain.
  3706 | Sewer    | Entered a sewer
  4045 | Sewer    | Reached skill level 5 in Dodging
  4115 | Sewer    | Reached * piety under Cheibriados
  4135 | Sewer    | Reached XP level 7. HP: 50/50 MP: 7/7
  4803 | D:4      | Reached ** piety under Cheibriados
  5341 | D:5      | Entered Level 5 of the Dungeon
  5522 | D:5      | Found a hazy altar of Hepliaklqana.
  5938 | D:5      | Reached XP level 8. HP: 56/56 MP: 8/8
  6001 | D:5      | Reached *** piety under Cheibriados
  6001 | D:5      | Reached skill level 11 in Polearms
  6028 | D:5      | Found Orreroin's Armour Boutique.
  6074 | D:5      | Found a sacrificial altar of Ru.
  6372 | D:6      | Found a deep blue altar of Sif Muna.
  6372 | D:6      | Found a glowing silver altar of Zin.
  6377 | D:6      | Found a sacrificial altar of Ru.
  6379 | D:6      | Found a hide-covered altar of Uskayaw.
  6381 | D:6      | Found a shadowy altar of Dithmenos.
  6517 | D:6      | Reached skill level 12 in Polearms
  6739 | D:6      | Reached skill level 13 in Polearms
  6845 | D:6      | Found an opulent altar of Gozag.
  7328 | D:7      | Reached **** piety under Cheibriados
  7353 | D:7      | Reached XP level 9. HP: 53/61 MP: 9/9
  7372 | D:7      | Reached skill level 14 in Polearms
  7412 | D:7      | Reached skill level 1 in Invocations
  7754 | D:7      | Noticed Joseph
  7773 | D:7      | Killed Joseph
  8391 | D:7      | Reached skill level 10 in Dodging
  9003 | D:8      | Reached skill level 5 in Invocations
  9130 | D:8      | Noticed a two-headed ogre
  9136 | D:8      | Killed a two-headed ogre
  9136 | D:8      | Reached XP level 10. HP: 9/67 MP: 7/14
  9776 | D:8      | Found a staircase to the Lair.
  9801 | D:8      | Found a basalt altar of Yredelemnul.
 10037 | D:8      | Learned a level 1 spell: Apportation
 10135 | Lair:1   | Entered Level 1 of the Lair of Beasts
 10215 | Lair:1   | Noticed a spiny frog
 10225 | Lair:1   | Killed a spiny frog
 10225 | Lair:1   | Reached skill level 1 in Translocations
 10244 | Lair:1   | Reached ***** piety under Cheibriados
 10296 | Lair:1   | Noticed a six-headed hydra
 10300 | Lair:1   | Noticed a four-headed hydra
 10312 | Lair:1   | HP: 3/100 [six-headed hydra (3)]
 10317 | Lair:1   | Killed a six-headed hydra
 10321 | Lair:1   | HP: 4/100 [four-headed hydra (3)]
 10322 | Lair:1   | Killed a four-headed hydra
 10322 | Lair:1   | Reached XP level 11. HP: 5/78 MP: 13/17
 10730 | Lair:1   | Reached skill level 5 in Fighting
 10751 | Lair:1   | Learned a level 3 spell: Regeneration
 10778 | Lair:1   | Reached skill level 1 in Charms
 11586 | Lair:2   | Found a labyrinth entrance.
 11595 | Lab      | Entered a labyrinth
 11859 | Lab      | Reached skill level 5 in Charms
 12032 | Lab      | Noticed a minotaur
 12050 | Lab      | Killed a minotaur
 12099 | Lab      | Got an encrusted large shield
 12153 | Lab      | Got a brightly glowing leather armour
 12164 | Lab      | Identified the +2 leather armour of Resonance {rF+ MR+ Dex+4} (You found it in a labyrinth)
 12280 | Lair:2   | Identified the +5 large shield of the Cooper {Str+3} (You found it in a labyrinth)
 12311 | Lair:2   | Found a staircase to the Swamp.
 12474 | Lair:2   | Reached skill level 1 in Shields
 12711 | Lair:2   | Noticed a wolf spider
 12712 | Lair:2   | Found a hole to the Spider Nest.
 12712 | Lair:2   | Noticed a wolf spider
 12735 | Lair:2   | Killed a wolf spider
 12735 | Lair:2   | Reached XP level 12. HP: 96/96 MP: 18/18
 13399 | Lair:2   | Reached skill level 10 in Fighting
 13650 | Lair:3   | Reached skill level 5 in Shields
 13655 | Lair:3   | Noticed a six-headed hydra
 13671 | Lair:3   | HP: 4/97 [six-headed hydra (4)]
 13672 | Lair:3   | Slain by a six-headed hydra

Vault maps used:
D:1:      eino_arrival_cavern_d
D:3:      lemuel_coloured_pillars_altar, okawaru_gym_becter
D:4:      minmay_temple_entry_large_hall, first_ration, portal_sewer_entry_f
D:5:      lemuel_round_altar, basic_altar, serial_shops,
          nicolae_shop_window_shopping, item_on_display_a
D:6:      cheibrodos_barr_body, grunt_gozag_breadcrumbs,
          chequers_temple_overflow_minitemple
D:7:      grunt_ogre_cave, uniq_joseph
D:8:      nicolae_overflow_crystal_walls, lair_entry_dummy
Temple:   nicolae_temple_hex_pool
Lair:2:   swamp_mist, spider_nest_entry_funnel_web, lab_entry_generic,
          grunt_megastairs_1
Lair:3:   dragon1_lemuel, beast_lair_carwin_1
Lab:      lab_block, nicolae_lab_checkerboard, nicolae_lab_statue,
          nicolae_lab_grate, lab_hedge, labyrinth_glass_1, lab_statue,
          nicolae_lab_dead_end
Sewer:    sewer_sea

Skill      XL: |  1  2  3  4  5  6  7  8  9 10 11 12 |
---------------+-------------------------------------+-----
Polearms       | 5 6 8 9 10 13 14 | 14.0
Dodging        | 5 8 11 12 | 12.0
Invocations    | 6 8 |  8.1
Translocations | 4 |  4.3
Fighting       | 4 9 10 | 10.0
Charms         | 5 |  5.1
Shields        | 2 5 |  5.2
Throwing       | |  2.0

Action                   |  1- 3 |  4- 6 |  7- 9 | 10-12 || total
-------------------------+-------+-------+-------+-------++-------
Melee: Trident           |   161 |   292 |   424 |   453 ||  1330
       Tailslap          |       |     1 |     1 |       ||     2
Throw: Tomahawk          |       |       |     4 |     1 ||     5
Invok: Slouch            |       |       |     1 |     3 ||     4
Evoke: Wand              |       |       |     4 |     1 ||     5
       Fan of gales      |       |       |       |     1 ||     1
  Use: Scroll            |       |     9 |    12 |     6 ||    27
       Potion            |       |     2 |     3 |     6 ||    11
 Stab: Sleeping          |     4 |    13 |    11 |    15 ||    43
       Distracted        |       |     2 |     2 |       ||     4
  Eat: Chunk             |     1 |     6 |     9 |     5 ||    21
       Ration            |     1 |       |       |     1 ||     2
Armor: Leather armour    |    28 |    42 |    45 |    22 ||   137
       Skin              |       |    34 |    17 |    53 ||   104
Dodge: Dodged            |    78 |   150 |   260 |   313 ||   801

Table legend:
 A = Spawn XP
 B = Non-spawn XP
 C = Spawn XP percentage of total XP
 D = Spawn monster count
 E = Non-spawn monster count
 F = Spawn count percentage of total count
 G = Total turns spent on level
                    A         B        C        D         E        F      G
               +---------+---------+-------+---------+---------+-------+---------
         Total |       0 |   22476 |   0.0 |       0 |     317 |   0.0 | 13672
               +---------+---------+-------+---------+---------+-------+---------
           D:1 |       0 |      31 |   0.0 |       0 |      21 |   0.0 |   851
           D:2 |       0 |      27 |   0.0 |       0 |      15 |   0.0 |  1046
           D:3 |       0 |     116 |   0.0 |       0 |      33 |   0.0 |  1098
           D:4 |       0 |     449 |   0.0 |       0 |      34 |   0.0 |  1682
           D:5 |       0 |     759 |   0.0 |       0 |      29 |   0.0 |   861
           D:6 |       0 |     671 |   0.0 |       0 |      14 |   0.0 |   910
           D:7 |       0 |    1738 |   0.0 |       0 |      32 |   0.0 |  1672
           D:8 |       0 |    2764 |   0.0 |       0 |      48 |   0.0 |  1185
        Lair:1 |       0 |    6658 |   0.0 |       0 |      20 |   0.0 |  1435
        Lair:2 |       0 |    4927 |   0.0 |       0 |      14 |   0.0 |  1460
        Lair:3 |       0 |     480 |   0.0 |       0 |       3 |   0.0 |    72
           Lab |       0 |    3661 |   0.0 |       0 |      11 |   0.0 |   570
         Sewer |       0 |     195 |   0.0 |       0 |      43 |   0.0 |   764
               +---------+---------+-------+---------+---------+-------+---------
